 Dungeon Crawl Stone Soup version 0.30.1-11-g7821555f0a (webtiles) character file.

Game seed: 6361933644198258256

68 1111 the Slicer (level 4, -1/34 HPs)
             Began as a Gnoll Wanderer on Nov 13, 2023.
             Slain by Sigmund
             ... wielding a +0 scythe
              (2 damage)
             ... on level 3 of the Dungeon.
             The game lasted 00:14:35 (2498 turns).

1111 the Slicer (Gnoll Wanderer)                    Turns: 2498, Time: 00:14:35

Health: -1/34      AC:  3    Str: 14    XL:     4   Next: 19%
Magic:  7/11       EV: 11    Int: 10    God:
Gold:   143        SH:  0    Dex: 12    Spells: 12/13 levels left

rFire   . . .        a - +2 short sword
rCold   . . .        (no shield)
rNeg    . . .        d - +0 leather armour
rPois   .            (no helmet)
rElec   .            (no cloak)
rCorr   .            (no gloves)
SInv    .            (no boots)
Will    .....        n - amulet of reflection
Stlth   +            (no ring)
HPRegen 0.25/turn    (no ring)
MPRegen 0.12/turn

%: reflection
@: confused
A: fangs 1, strong nose, distributed training
a: no special abilities


You were on level 3 of the Dungeon.
You visited 1 branch of the dungeon, and saw 3 of its levels.

You collected 143 gold pieces.

Inventory:

Hand Weapons
 a - a +2 short sword (weapon)
Missiles
 g - 24 stones
Armour
 d - a +0 leather armour (worn)
Jewellery
 n - an amulet of reflection (around neck)
Wands
 o - a wand of flame (11)
Scrolls
 c - a scroll of fog
 f - 2 scrolls of identify {unknown}
 h - a scroll of torment {unknown}
 j - a scroll of fear {unknown}
Potions
 e - a potion of cancellation {unknown}
 i - 3 potions of curing {unknown}
 k - a potion of flight {unknown}
 l - a potion of resistance {unknown}
 m - a potion of degeneration {unknown}
 p - 2 potions of heal wounds {unknown}
Miscellaneous
 b - a piece from Xom's chessboard (15/15)


   Skills:
 + Level 2.7 Fighting
 + Level 8.5 Short Blades
 + Level 1.1 Long Blades
 + Level 1.1 Axes
 + Level 1.1 Maces & Flails
 + Level 1.1 Polearms
 + Level 1.1 Staves
 + Level 1.1 Ranged Weapons
 + Level 1.1 Throwing
 + Level 2.7 Armour
 + Level 1.1 Dodging
 + Level 1.1 Stealth
 + Level 1.1 Shields
 + Level 1.1 Unarmed Combat
 + Level 5.0 Spellcasting
 + Level 0.8 Conjurations
 + Level 0.8 Hexes
 + Level 0.8 Summonings
 + Level 0.8 Necromancy
 + Level 0.8 Translocations
 + Level 0.8 Transmutations
 + Level 0.8 Fire Magic
 + Level 0.8 Ice Magic
 + Level 0.8 Air Magic
 + Level 0.8 Earth Magic
 + Level 0.8 Poison Magic
 + Level 1.2 Invocations
 + Level 4.6 Evocations


You had 12 spell levels left.
You knew the following spells:

 Your Spells              Type           Power      Damage    Failure   Level
a - Magic Dart            Conj           16%        1d3       21%         1

Your spell library contained the following spells:

 Spells                   Type           Power      Damage    Failure   Level
 Mephitic Cloud           Conj/Pois/Air  4%         N/A       52%         3


Dungeon Overview and Level Annotations

Branches:
Dungeon (3/15)

Altars:

Shops:
D:2 ?:!

Annotations:
D:3 Sigmund


Innate Abilities, Weirdness & Mutations

You have very sharp teeth.
Your uncanny sense of smell can sniff out nearby items.
Your experience applies equally to all skills.


Message History

Sigmund screams, "Die, monster!"
Sigmund hits you from afar with a +0 scythe.
You hit Sigmund.
Sigmund is moderately wounded.
Sigmund hits you with a +0 scythe!
You hit Sigmund. You bite Sigmund, but do no damage.
Sigmund is moderately wounded.
You completely miss Sigmund.
Sigmund is moderately wounded.
Sigmund hits you with a +0 scythe!
You hit Sigmund.
Sigmund is heavily wounded.
You completely miss Sigmund.
Sigmund is heavily wounded.
You hit Sigmund.
Sigmund is heavily wounded.
Sigmund gestures at you while chanting.
You are confused.
Unknown command.
You hit Sigmund. Your bite misses Sigmund.
Sigmund is severely wounded.
You bump into the rock wall.
Sigmund casts a spell at you.
You are more confused.
You bump into the rock wall.
Sigmund misses you.
Sigmund hits you from afar with a +0 scythe!
* * * LOW HITPOINT WARNING * * *
You're too confused to cast spells.
You're too confused to cast spells.
Unknown command.
You bump into the rock wall.
You bump into the rock wall.
Sigmund points at you and mumbles some strange words.
You resist with some effort.
You bump into the rock wall.
Sigmund hits you from afar with a +0 scythe.
* * * LOW HITPOINT WARNING * * *
You bump into the rock wall.
Sigmund hits you from afar with a +0 scythe.
You die...

######### #.......#
########
##.#####.#####.@.@..#
#...............###.#
#..###...#####..# ...
#..# #...#####..#
.#.# #..#
#...#......# .#.#
#..###..........# .#
# #..#....##.###..#
.# #..#.##....# #..#
.# #..#.#<....# #..#


You could see Sigmund.

Vanquished Creatures
  2 adders
  2 worms (D:2)
  A dart slug (D:1)
  5 ball pythons
  6 bats
  6 endoplasms
  2 goblins (D:2)
  3 hobgoblins
  4 kobolds
  A quokka (D:2)
  7 frilled lizards
  3 rats (D:1)
42 creatures vanquished.

Notes
Turn   | Place    | Note
-------+----------+-------------------------------------------
     0 | D:1      | 1111 the Gnoll Wanderer began the quest for the Orb.
     0 | D:1      | 1111 set off with the following items: a +2 short sword, a
                  | piece from Xom's chessboard (15/15), a scroll of fog, a +0
                  | leather armour; and the following spell memorised: Magic
                  | Dart; and the following spells available to memorise:
                  | Mephitic Cloud.
     0 | D:1      | Reached XP level 1. HP: 17/17 MP: 6/6
   256 | D:1      | Reached XP level 2. HP: 23/23 MP: 4/7
   734 | D:1      | You fall into a shaft and drop 1 floor!
   740 | D:2      | Found a faded altar of an unknown god.
   865 | D:1      | Reached skill level 5 in Spellcasting
   865 | D:1      | Reached XP level 3. HP: 28/28 MP: 0/9
  1478 | D:2      | Found Ciabugei's Distillery.
  1497 | D:2      | Found Zughoedoug's Vocational Training.
  1584 | D:2      | Reached skill level 1 in Invocations
  1740 | D:2      | Found Laufuym's Magic Scroll Shoppe.
  1964 | D:2      | Reached skill level 1 in Long Blades
  1964 | D:2      | Reached skill level 1 in Axes
  1964 | D:2      | Reached skill level 1 in Maces & Flails
  1964 | D:2      | Reached skill level 1 in Polearms
  1964 | D:2      | Reached skill level 1 in Staves
  1964 | D:2      | Reached skill level 1 in Ranged Weapons
  1964 | D:2      | Reached skill level 1 in Throwing
  1964 | D:2      | Reached skill level 1 in Dodging
  1964 | D:2      | Reached skill level 1 in Stealth
  1964 | D:2      | Reached skill level 1 in Shields
  1964 | D:2      | Reached skill level 1 in Unarmed Combat
  2197 | D:2      | Reached XP level 4. HP: 34/34 MP: 6/11
  2474 | D:3      | Noticed Sigmund
  2497 | D:3      | HP: 1/34 [Sigmund/+0 scythe (4)]
  2498 | D:3      | Slain by Sigmund

Illustrated notes

Levels and vault maps discovered:
D:1:      sevenhm_arrival_forest_fort_small_5, layout_basic,
          serial_bayou_pond_b, minmay_heptomino_l4
D:2:      layout_loops_ring, serial_shops, shop, nicolae_diamond_shop,
          shapermc_ecumenical_altar_mp_vishouse, nicolae_shop_vocational
D:3:      layout_basic, riverfiend_overflow_shadow_ancestor,
          nicolae_overflow_two_pavilions, chequers_serial_rivers_small_3,
          uniq_sigmund

Skill      XL: |  1  2  3 |
---------------+----------+-----
Spellcasting   | 5 |  5.0
Invocations    | 1 |  1.2
Long Blades    | 1 |  1.1
Axes           | 1 |  1.1
Maces & Flails | 1 |  1.1
Polearms       | 1 |  1.1
Staves         | 1 |  1.1
Ranged Weapons | 1 |  1.1
Throwing       | 1 |  1.1
Dodging        | 1 |  1.1
Stealth        | 1 |  1.1
Shields        | 1 |  1.1
Unarmed Combat | 1 |  1.1
Fighting       | |  2.7
Short Blades   | |  8.5
Armour         | |  2.7
Conjurations   | |  0.8
Hexes          | |  0.8
Summonings     | |  0.8
Necromancy     | |  0.8
Translocations | |  0.8
Transmutations | |  0.8
Fire Magic     | |  0.8
Ice Magic      | |  0.8
Air Magic      | |  0.8
Earth Magic    | |  0.8
Poison Magic   | |  0.8
Evocations     | |  4.6

Action                     |  1- 3 |  4- 6 || total
---------------------------+-------+-------++-------
  Melee: Short sword       |    67 |    17 ||    84
         Bite              |     6 |     2 ||     8
         Punch             |     1 |     1 ||     2
   Cast: Magic Dart        |    53 |     9 ||    62
 Armour: Leather armour    |    14 |     2 ||    16
  Dodge: Dodged            |    31 |     4 ||    35
  Block: Other             |       |     5 ||     5
